[Event "*** SCC Grand Prix: Titled Tuesday Blitz"]
[Site "Chess.com"]
[Date "2020.06.23"]
[Round "5"]
[White "Aleksandar-Topalov"]
[Black "Artyom_ChessMate"]
[Result "0-1"]
[WhiteElo "2361"]
[BlackElo "2516"]
[TimeControl "180+1"]
[EndTime "10:53:03 PDT"]
[Termination "Artyom_ChessMate won by resignation"]

1. b3 d5 2. Bb2 Nf6 3. Nf3 e6 4. e3 Be7 5. d4 O-O 6. Nbd2 b6 7. Bd3 Bb7 8. Ne5 Nbd7 9. O-O c5 10.
f4 Ne4 11. Rf3 f6 12. Nxd7 Qxd7 13. Rh3 f5 14. Qh5 Nf6 15. Qe2 Rac8 16. dxc5 Bxc5 17. Rg3 d4 18. e4 fxe4 19. Nxe4 Bxe4 0-1

[Event "*** SCC Grand Prix: Titled Tuesday Blitz"]
[Site "Chess.com"]
[Date "2020.06.23"]
[Round "5"]
[White "dopolian"]
[Black "DonPreuss"]
[Result "1-0"]
[WhiteElo "2360"]
[BlackElo "2191"]
[TimeControl "180+1"]
[EndTime "10:53:11 PDT"]
[Termination "dopolian won by resignation"]

1. Nf3 Nc6 2. c4 e5 3. d4 exd4 4. Nxd4 Bb4+ 5. Nc3 d6 6. e4 Nge7 7. Be2 O-O 8. O-O a6 9. Bg5 f6 10. Be3 f5 11. exf5 Nxf5 12. Nxf5 Bxf5 13. Nd5 Bc5 14.
Bg4 Bxg4 15. Qxg4 Ne5 16. Qe6+ Nf7 17. Bxc5 dxc5 18. Rad1 c6 19. Ne7+ Kh8 20. Rxd8 Raxd8 21. h4 Nh6 22. Re1 Rd2 23. Re2 Rd1+ 24. Kh2 Rd4 25. g3 Ng4+ 26. Kg2 Nf6 27. Nf5 Rfd8 28. Nxd4 1-0

[Event "*** SCC Grand Prix: Titled Tuesday Blitz"]
[Site "Chess.com"]
[Date "2020.06.23"]
[Round "5"]
[White "Leonid_Starozhilov"]
[Black "MateSchmate"]
[Result "1-0"]
[WhiteElo "2725"]
[BlackElo "2467"]
[TimeControl "180+1"]
[EndTime "10:53:12 PDT"]
[Termination "Leonid_Starozhilov won by resignation"]

1. e4 e6 2. d4 d5 3. e5 c5 4. c3 Nc6 5. Nf3 Qb6 6. a3 c4 7.
Nbd2 Na5 8. Be2 Bd7 9. O-O Ne7 10. Ng5 h6 11. Nh3 Nb3 12. Nxb3 Ba4 13. f4 Bxb3 14. Qe1 g6 15. Kh1 h5 16. Be3 Nf5 17. Qd2 Nxe3 18. Qxe3 Bc2 19. Qd2 Bf5 20. Ng1 Be7 21. Nf3 O-O 22.
g3 a5 23. Kg2 Qc7 24. h3 Kg7 25. Nh2 b5 26. g4 g5 27. gxf5 1-0

[Event "*** SCC Grand Prix: Titled Tuesday Blitz"]
[Site "Chess.com"]
[Date "2020.06.23"]
[Round "5"]
[White "BocharovD"]
[Black "Lion-Al-Messi"]
[Result "1-0"]
[WhiteElo "2721"]
[BlackElo "2454"]
[TimeControl "180+1"]
[EndTime "10:53:17 PDT"]
[Termination "BocharovD won by resignation"]

1. d4 b6 2. e4 Bb7 3. Bd3 e6 4. Nf3 c5 5. c3 Nf6 6. Nbd2 cxd4 7. cxd4 d6 8. O-O Be7 9. Qe2 O-O 10. Rd1 Nbd7 11.
e5 Nd5 12. Ne4 dxe5 13. dxe5 Nc5 14. Nxc5 Bxc5 15. Bxh7+ Kxh7 16. Ng5+ Kg6 17. Qe4+ 1-0

[Event "*** SCC Grand Prix: Titled Tuesday Blitz"]
[Site "Chess.com"]
[Date "2020.06.23"]
[Round "5"]
[White "Karacsonyi_Gellert"]
[Black "Infernal_XaM"]
[Result "0-1"]
[WhiteElo "2502"]
[BlackElo "2815"]
[TimeControl "180+1"]
[EndTime "10:53:18 PDT"]
[Termination "Infernal_XaM won by resignation"]

1. e4 e6 2. d4 d5 3. e5 c5 4. c3 Qb6 5. Nf3 Bd7 6. Bd3 cxd4 7. cxd4 Nc6 8. O-O Nxd4 9. Nxd4 Qxd4 10. Nc3 Qxe5 11.
Re1 Qb8 12. Nxd5 Bd6 13. Qg4 Kf8 14. g3 h5 15. Qh3 h4 16. Bf4 Bc6 17. Bxd6+ Qxd6 18.
Nf4 hxg3 19. Qxh8 gxf2+ 20. Kxf2 Qxf4+ 21. Ke2 Bf3+ 22. Kf2 Be4+ 23. Kg1 Qg4+ 24. Kf2 Qf3+ 0-1

[Event "*** SCC Grand Prix: Titled Tuesday Blitz"]
[Site "Chess.com"]
[Date "2020.06.23"]
[Round "5"]
[White "chess94cu"]
[Black "praveenb2002"]
[Result "0-1"]
[WhiteElo "2546"]
[BlackElo "2772"]
[TimeControl "180+1"]
[EndTime "10:53:19 PDT"]
[Termination "praveenb2002 won by resignation"]

1. d4 Nf6 2. c4 e6 3. Nf3 d5 4. Nc3 Be7 5. Bf4 O-O 6. e3 b6 7. Qc2 c5 8. Rd1 Nc6 9. dxc5 bxc5 10. cxd5 exd5 11. Bb5 Qb6 12. Bxc6 Qxc6 13. O-O Bb7 14. Ne5 Qb6 15. Bg5 Rfd8 16. Ng4 Nxg4 17. Bxe7 Qc7 18. g3 Qxe7 19. Qf5 Ne5 20. Rd2 d4 21. exd4 Nf3+ 0-1

[Event "*** SCC Grand Prix: Titled Tuesday Blitz"]
[Site "Chess.com"]
[Date "2020.06.23"]
[Round "5"]
[White "Zkid"]
[Black "Durarbayli"]
[Result "0-1"]
[WhiteElo "2728"]
[BlackElo "2852"]
[TimeControl "180+1"]
[EndTime "10:53:20 PDT"]
[Termination "Durarbayli won by resignation"]

1. e4 c5 2. Nf3 d6 3. d4 cxd4 4. Nxd4 Nf6 5. f3 Nc6 6. c4 e6 7.
Nc3 Be7 8. Be3 O-O 9. Be2 d5 10. cxd5 exd5 11. Nxc6 bxc6 12. exd5 Nxd5 13. Nxd5 cxd5 14.
O-O Bf6 15. Bd4 Bxd4+ 16. Qxd4 Be6 17. Rac1 h6 18. Rc5 Qb6 19. Rfc1 a5 20. Bb5 Rac8 21. Qf2 Qxb5 22. Rxb5 Rxc1+ 23. Qf1 Rxf1+ 24. Kxf1 Ra8 25. Ke2 Kf8 26. Kd3 Ke7 27. Kd4 Kd6 28. Rb6+ Kc7 29.
Kc5 d4 30. Rc6+ Kd7 31. Rd6+ Ke7 32. Rxd4 Bxa2 33. Rd2 Bb3 0-1

[Event "*** SCC Grand Prix: Titled Tuesday Blitz"]
[Site "Chess.com"]
[Date "2020.06.23"]
[Round "5"]
[White "rugbyclub"]
[Black "Chessdreamer2020"]
[Result "0-1"]
[WhiteElo "2135"]
[BlackElo "2450"]
[TimeControl "180+1"]
[EndTime "10:53:26 PDT"]
[Termination "Chessdreamer2020 won by resignation"]

1. c4 d6 2. Nc3 e5 3. Nf3 f5 4. g3 Nf6 5. d4 e4 6. Nh4 Be7 7. Bh3 g6 8. O-O O-O 9. f3 exf3 10.
exf3 d5 11. c5 b6 12. cxb6 axb6 13. Ng2 c5 14. dxc5 bxc5 15. Nf4 d4 16. Qb3+ Kg7 17.
Ncd5 Nxd5 18. Qxd5 Qxd5 19. Nxd5 Bd6 20. Nb6 Ra7 21. Nxc8 Rxc8 22. Bd2 c4 23. Rfc1 Be5 24. f4 Bf6 25. Bg2 c3 26. bxc3 dxc3 27. Be3 Re7 28. Kf2 c2 29. a4 Bxa1 30. Rxa1 Rxe3 31. Kxe3 c1=Q+ 0-1

[Event "*** SCC Grand Prix: Titled Tuesday Blitz"]
[Site "Chess.com"]
[Date "2020.06.23"]
[Round "5"]
[White "louis198"]
[Black "kikydu96"]
[Result "1-0"]
[WhiteElo "2494"]
[BlackElo "2315"]
[TimeControl "180+1"]
[EndTime "10:53:32 PDT"]
[Termination "louis198 won by resignation"]

1. d4 f5 2. Bf4 Nf6 3. e3 d6 4. h3 e6 5. Nf3 Be7 6. Bc4 O-O 7. O-O h6 8. a4 a5 9. Nbd2 b6 10.
Re1 Bb7 11. Bxe6+ Kh8 12. Nh4 Qe8 13. Bxf5 Nd5 14. Ng6+ Kg8 15. Be6+ Kh7 16. Nxf8+ Qxf8 17. Bg3 Qf6 18. Qg4 Nb4 19. c3 N4c6 20. Ne4 Qg6 21. Bf5 1-0

[Event "*** SCC Grand Prix: Titled Tuesday Blitz"]
[Site "Chess.com"]
[Date "2020.06.23"]
[Round "5"]
[White "VladimirBugayev"]
[Black "Philosopherrr"]
[Result "0-1"]
[WhiteElo "2275"]
[BlackElo "2485"]
[TimeControl "180+1"]
[EndTime "10:53:33 PDT"]
[Termination "Philosopherrr won by checkmate"]

1. e4 c5 2. a3 e6 3. b4 cxb4 4. axb4 Bxb4 5. Bb2 Nf6 6. e5 Nd5 7. c4 Nc7 8. Ra3 O-O 9. Rg3 Nc6 10. Qg4 g6 11. h4 d6 12. h5 Nxe5 13. Bxe5 dxe5 14. hxg6 fxg6 15. Rxh7 Qf6 16. Rf3 Kxh7 17. Rxf6 Rxf6 18. Nf3 Kg7 19. Bd3 Bd7 20. Nh4 Be8 21. Nf3 Rd8 22. Nxe5 Bc5 23. f4 Bd4 24. Bc2 b5 25. Be4 bxc4 26. Nxc4 Nd5 27. g3 Bb5 28. Ne5 Bxe5 29. fxe5 Rf1# 0-1

[Event "*** SCC Grand Prix: Titled Tuesday Blitz"]
[Site "Chess.com"]
[Date "2020.06.23"]
[Round "5"]
[White "Shahinyan_ChessMood"]
[Black "Vaathi_Coming"]
[Result "0-1"]
[WhiteElo "2610"]
[BlackElo "2848"]
[TimeControl "180+1"]
[EndTime "10:53:38 PDT"]
[Termination "Vaathi_Coming won by resignation"]

1. e4 c5 2. Nc3 e6 3. g3 d5 4. exd5 exd5 5. d3 d4 6. Ne4 Be7 7. Bg2 Nf6 8. Nxf6+ Bxf6 9. Ne2 O-O 10. O-O Nc6 11. Nf4 Re8 12. Qh5 Re5 13. Qf3 g6 14. Nd5 Rf5 15. Qe4 Be6 16. Nf4 Bd7 17. Bd2 h5 18.
Rae1 Re5 0-1

[Event "*** SCC Grand Prix: Titled Tuesday Blitz"]
[Site "Chess.com"]
[Date "2020.06.23"]
[Round "5"]
[White "bait_or_mate"]
[Black "Oleksandr_Bortnyk"]
[Result "0-1"]
[WhiteElo "2617"]
[BlackElo "2898"]
[TimeControl "180+1"]
[EndTime "10:53:40 PDT"]
[Termination "Oleksandr_Bortnyk won by resignation"]

1. d4 Nf6 2. c4 e6 3. Nf3 d5 4. g3 g6 5. Bg2 Nc6 6. Qc2 Bg7 7. O-O O-O 8. Rd1 Re8 9. Bf4 a6 10.
Nbd2 Nh5 11. Bg5 Nxd4 12. Nxd4 Qxg5 13. N2f3 Qe7 14. cxd5 exd5 15. Rac1 c6 16. e3 Nf6 17. Nd2 Ng4 18. N2b3 a5 19. a3 a4 20. Nc5 Nxe3 21.
fxe3 Qxe3+ 22. Kh1 Bxd4 23. Rd3 Qe1+ 24. Rxe1 Rxe1+ 25. Bf1 Rxf1+ 26. Kg2 Rf2+ 27. Qxf2 Bxf2 28. Kxf2 b6 0-1

[Event "*** SCC Grand Prix: Titled Tuesday Blitz"]
[Site "Chess.com"]
[Date "2020.06.23"]
[Round "5"]
[White "1f3_2g41-0"]
[Black "jonaszmb"]
[Result "0-1"]
[WhiteElo "2239"]
[BlackElo "2480"]
[TimeControl "180+1"]
[EndTime "10:53:41 PDT"]
[Termination "jonaszmb won by checkmate"]

1. e4 c5 2. Nf3 Nc6 3. Bb5 a6 4.
Bxc6 dxc6 5. O-O Qc7 6. c3 e5 7.
d4 cxd4 8. cxd4 exd4 9. Qxd4 Nf6 10. Bg5 Be7 11. Nc3 Be6 12. Rac1 Rd8 13. Qa4 O-O 14. Rfd1 Rxd1+ 15. Rxd1 Rd8 16. Rxd8+ Qxd8 17. h4 h6 18. Bf4 Ng4 19. g3 Bc5 20. Nd1 Qd3 21.
Ne1 Qe2 22. Ng2 Bxf2+ 23. Nxf2 Qxf2+ 24. Kh1 Qf1# 0-1

[Event "*** SCC Grand Prix: Titled Tuesday Blitz"]
[Site "Chess.com"]
[Date "2020.06.23"]
[Round "5"]
[White "H3nriqueTV"]
[Black "SHIVACalypso"]
[Result "1-0"]
[WhiteElo "2209"]
[BlackElo "2345"]
[TimeControl "180+1"]
[EndTime "10:53:44 PDT"]
[Termination "H3nriqueTV won by resignation"]

1. e4 e6 2. d4 d5 3. e5 c5 4. c3 Nc6 5. Nf3 Bd7 6. Bd3 cxd4 7. cxd4 Qb6 8. O-O Nxd4 9. Nbd2 Nxf3+ 10. Nxf3 Bc5 11.
b4 Be7 12. Be3 Qxb4 13. Rb1 Qg4 14. h3 Qh5 15. Rxb7 Nh6 16. Qb3 Nf5 17. Bxa7 Rc8 18.
Rxd7 Kxd7 19. Qb5+ Rc6 20. Qb7+ Rc7 21. Bb5+ Kd8 22. Bb6 1-0

[Event "*** SCC Grand Prix: Titled Tuesday Blitz"]
[Site "Chess.com"]
[Date "2020.06.23"]
[Round "5"]
[White "Ermito2020"]
[Black "DishonorOnYourCow"]
[Result "1-0"]
[WhiteElo "2498"]
[BlackElo "2321"]
[TimeControl "180+1"]
[EndTime "10:53:52 PDT"]
[Termination "Ermito2020 won by checkmate"]

1. e4 e5 2. Nf3 Nc6 3. d4 exd4 4. Bc4 Nf6 5. O-O Bc5 6. e5 d5 7. exf6 dxc4 8. Re1+ Be6 9. fxg7 Rg8 10. Bg5 Qd7 11. Bf6 Be7 12. Bxe7 Nxe7 13. Qxd4 Qxd4 14. Nxd4 Rxg7 15. Nxe6 fxe6 16. Rxe6 Kf7 17. Re4 Rd8 18.
Nc3 Rd2 19. Rae1 Nc6 20. Rf4+ Kg6 21. Re6+ Kg5 22. g3 Rg6 23. Ne4+ Kh5 24. Rh4# 1-0

[Event "*** SCC Grand Prix: Titled Tuesday Blitz"]
[Site "Chess.com"]
[Date "2020.06.23"]
[Round "5"]
[White "kakakz"]
[Black "AwareIdea"]
[Result "0-1"]
[WhiteElo "2345"]
[BlackElo "2511"]
[TimeControl "180+1"]
[EndTime "10:53:58 PDT"]
[Termination "AwareIdea won by resignation"]

1. d4 f5 2. Nc3 Nf6 3. Bg5 d5 4. Nf3 g6 5. Qd2 Ne4 6. Nxe4 dxe4 7. Ne5 Bg7 8. Bh6 Bxe5 9. dxe5 Qxd2+ 10. Kxd2 Nc6 11. f4 Be6 12. c3 O-O-O+ 13. Kc2 e3 14. Rd1 Rxd1 15. Kxd1 Rd8+ 16. Kc1 Rd2 17. g3 Bxa2 18. h4 Na5 0-1

[Event "*** SCC Grand Prix: Titled Tuesday Blitz"]
[Site "Chess.com"]
[Date "2020.06.23"]
[Round "5"]
[White "Firegrizzly"]
[Black "Lucas_Tomiello"]
[Result "1-0"]
[WhiteElo "2583"]
[BlackElo "2330"]
[TimeControl "180+1"]
[EndTime "10:53:59 PDT"]
[Termination "Firegrizzly won by resignation"]

1. d4 Nf6 2. Nf3 g6 3. Bg5 d5 4. Nbd2 Bg7 5. e3 O-O 6. Be2 b6 7. O-O c5 8. c3 Bb7 9. a4 a5 10. Qb3 Nbd7 11. Rfd1 Re8 12. Bb5 h6 13. Bh4 g5 14.
Bg3 Nh5 15. Bxd7 Qxd7 16. Qxb6 Nxg3 17. hxg3 c4 18. Ne5 Bxe5 19. dxe5 e6 20. Nf3 Reb8 21.
Qd4 Bc6 22. Ra2 Bxa4 23. Rda1 Bc2 24. Rxa5 Rxa5 25. Rxa5 Rxb2 26. Ra8+ Kg7 27. Qc5 Rb1+ 28. Kh2 Bh7 29. Qf8+ Kg6 30. g4 Rc1 31. Qh8 Qe7 32. Rg8+ 1-0

[Event "*** SCC Grand Prix: Titled Tuesday Blitz"]
[Site "Chess.com"]
[Date "2020.06.23"]
[Round "5"]
[White "jlandaw"]
[Black "rpragchess"]
[Result "0-1"]
[WhiteElo "2553"]
[BlackElo "2795"]
[TimeControl "180+1"]
[EndTime "10:54:08 PDT"]
[Termination "rpragchess won by resignation"]

1. e4 c5 2. Nc3 Nc6 3. g3 g6 4.
Bg2 Bg7 5. d3 d6 6. f4 Rb8 7.
Nf3 b5 8. O-O b4 9. Nd5 e6 10.
Ne3 Nge7 11. g4 f5 12. gxf5 exf5 13. Nc4 O-O 14. e5 dxe5 15. Nfxe5 Bb7 16. Be3 Nd4 17.
Qd2 Nd5 18. Bf2 Nxf4 19. Bxb7 Rxb7 20. Rae1 Bxe5 21. Nxe5 Qg5+ 0-1

[Event "*** SCC Grand Prix: Titled Tuesday Blitz"]
[Site "Chess.com"]
[Date "2020.06.23"]
[Round "5"]
[White "TokChess"]
[Black "K-Nygren"]
[Result "0-1"]
[WhiteElo "2371"]
[BlackElo "2532"]
[TimeControl "180+1"]
[EndTime "10:54:08 PDT"]
[Termination "K-Nygren won by resignation"]

1. Nf3 Nf6 2. g3 c5 3. Bg2 Nc6 4. c4 e5 5. O-O d6 6. Nc3 Bg4 7. Ne1 Qd7 8. Nc2 h5 9. Re1 Bh3 10. Bh1 h4 11. d3 hxg3 12. fxg3 Ng4 13. Bf3 Nxh2 14. Kxh2 Bg4+ 15. Kg1 Bxf3 16. exf3 Qh3 17. Qe2 Qh1+ 18. Kf2 Rh2+ 19. Ke3 Rxe2+ 20. Nxe2 Qh2 21. Rf1 Be7 22. Kd2 O-O-O 23. Ne3 Nd4 0-1

[Event "*** SCC Grand Prix: Titled Tuesday Blitz"]
[Site "Chess.com"]
[Date "2020.06.23"]
[Round "5"]
[White "Ze-Pequeno"]
[Black "nekotyanof"]
[Result "1-0"]
[WhiteElo "2174"]
[BlackElo "2319"]
[TimeControl "180+1"]
[EndTime "10:54:08 PDT"]
[Termination "Ze-Pequeno won by resignation"]

1. e4 c5 2. Nf3 Nc6 3. d4 cxd4 4. Nxd4 Nf6 5. Nc3 e5 6. Ndb5 d6 7. Bg5 a6 8. Na3 b5 9. Bxf6 gxf6 10. Nd5 f5 11. c3 Be6 12. exf5 Bxf5 13. Nc2 Bg7 14. Nce3 Be6 15. Bd3 Rb8 16. O-O Qd7 17. Qh5 a5 18. Bf5 Rb7 19. Rfd1 Ne7 20. Bxe6 Qxe6 21. Nxe7 Kxe7 22.
Nf5+ Kf8 23. Rxd6 Qe8 24. Nxg7 Kxg7 25. Qg5+ Kf8 26. Rd8 Re7 27. Rxe8+ Rxe8 28. Qh6+ Ke7 29. Rd1 Rd8 30. Rxd8 Rxd8 31. h4 Rd6 32. Qxh7 Rd2 33. h5 Rxb2 34. h6 Rxa2 35. Qg7 Ra1+ 36. Kh2 Re1 37. h7 1-0

[Event "*** SCC Grand Prix: Titled Tuesday Blitz"]
[Site "Chess.com"]
[Date "2020.06.23"]
[Round "5"]
[White "PattyCastillo"]
[Black "rududuyk"]
[Result "1-0"]
[WhiteElo "1922"]
[BlackElo "2144"]
[TimeControl "180+1"]
[EndTime "10:54:08 PDT"]
[Termination "PattyCastillo won by resignation"]

1. d4 e6 2. Nf3 f5 3. e3 Nf6 4. Bd3 b6 5. b3 Bb7 6. Bb2 Be7 7.
Nbd2 O-O 8. O-O d6 9. c4 Nbd7 10. Qc2 Qe8 11. Rfe1 Qh5 12. e4 f4 13. e5 dxe5 14. dxe5 Ng4 15. h3 Nh6 16. Bxh7+ Kh8 17.
Bg6 Bxf3 18. Nxf3 Qxg6 19. Qxg6 Rf5 20. Qxe6 Nc5 21. Qxe7 Nd3 22. Re2 Raf8 23. e6 1-0

[Event "*** SCC Grand Prix: Titled Tuesday Blitz"]
[Site "Chess.com"]
[Date "2020.06.23"]
[Round "5"]
[White "leoduarte"]
[Black "Rskaak"]
[Result "1-0"]
[WhiteElo "2273"]
[BlackElo "1690"]
[TimeControl "180+1"]
[EndTime "10:54:13 PDT"]
[Termination "leoduarte won by resignation"]

1. e4 e6 2. d4 d5 3. Nc3 Nf6 4. Bg5 Be7 5. e5 Nfd7 6. Bxe7 Qxe7 7. f4 a6 8. Nf3 c5 9. Qd2 Nc6 10. O-O-O O-O 11. h4 c4 12. h5 h6 13. g4 b5 14.
g5 b4 15. Na4 Rb8 16. gxh6 gxh6 17. Qg2+ Kh7 18. Rg1 f5 19. Qg6+ Kh8 20. Qxh6+ Qh7 21. Qxe6 Ndxe5 22. Qd6 Bb7 23. Nxe5 Nxe5 24. Qxe5+ 1-0

[Event "*** SCC Grand Prix: Titled Tuesday Blitz"]
[Site "Chess.com"]
[Date "2020.06.23"]
[Round "5"]
[White "TigrVShlyape"]
[Black "QuintilianoR"]
[Result "1-0"]
[WhiteElo "2916"]
[BlackElo "2626"]
[TimeControl "180+1"]
[EndTime "10:54:14 PDT"]
[Termination "TigrVShlyape won by resignation"]

1. d4 Nf6 2. Nf3 e6 3. Bf4 d5 4. e3 Bd6 5. Ne5 O-O 6. Nd2 c5 7. c3 Qc7 8. Bd3 Nc6 9. Ndf3 Ne4 10. Qc2 f6 11. Nxc6 Bxf4 12. exf4 Qxc6 13. O-O g6 14.
Rfe1 Nd6 15. dxc5 Qxc5 16. Nd4 Ne4 17. Bxe4 dxe4 18. Qxe4 Re8 19. Rad1 Qb6 20. Nb3 Re7 21. Qd4 Bd7 22. Qxf6 Rf7 23. Qd4 Raf8 24. Qxb6 axb6 1-0

[Event "*** SCC Grand Prix: Titled Tuesday Blitz"]
[Site "Chess.com"]
[Date "2020.06.23"]
[Round "5"]
[White "rubhani"]
[Black "chito89"]
[Result "1-0"]
[WhiteElo "2536"]
[BlackElo "2740"]
[TimeControl "180+1"]
[EndTime "10:54:14 PDT"]
[Termination "rubhani won by resignation"]

1. e4 g6 2. d4 Bg7 3. Nc3 c6 4.
Be3 d5 5. e5 Nh6 6. f4 Ng4 7. Bc1 h5 8. Nf3 b5 9. Bd3 Nh6 10. O-O Bf5 11. Nh4 Bxd3 12. Qxd3 e6 13. Nxg6 fxg6 14. Qxg6+ Kf8 15. Qxe6 Qd7 16. Qg6 Qf5 17.
Qd6+ Kf7 18. Nxd5 Bf8 19. Qc7+ Qd7 20. Qxd7+ Nxd7 21. e6+ Kg6 22. Nc7 Rd8 23. exd7 Rxd7 24. Ne6 Nf5 25. c3 Re7 26. Ng5 Bg7 27. Bd2 Re2 28.
Nf3 Rhe8 29. Rae1 Nd6 30. Rxe2 Rxe2 31. Re1 1-0

[Event "*** SCC Grand Prix: Titled Tuesday Blitz"]
[Site "Chess.com"]
[Date "2020.06.23"]
[Round "5"]
[White "SiddharthGMJagadeesh"]
[Black "theblitzchamp"]
[Result "0-1"]
[WhiteElo "2437"]
[BlackElo "2647"]
[TimeControl "180+1"]
[EndTime "10:54:15 PDT"]
[Termination "theblitzchamp won by resignation"]

1. e4 d6 2. d4 Nf6 3. Nc3 g6 4. g3 Bg7 5. Bg2 O-O 6. Nge2 e5 7. O-O Nc6 8. h3 a6 9. Be3 b5 10. Qd2 b4 11. Nd5 a5 12. c3 bxc3 13. bxc3 Ba6 14. Bg5 exd4 15. cxd4 Bxe2 16. Qxe2 Nxd4 17. Qc4 Ne6 18. Rac1 Nxg5 0-1

[Event "*** SCC Grand Prix: Titled Tuesday Blitz"]
[Site "Chess.com"]
[Date "2020.06.23"]
[Round "5"]
[White "chesslh19"]
[Black "Kumi29"]
[Result "0-1"]
[WhiteElo "2115"]
[BlackElo "2390"]
[TimeControl "180+1"]
[EndTime "10:54:17 PDT"]
[Termination "Kumi29 won by resignation"]

1. e4 e5 2. Nf3 Nc6 3. Bb5 a6 4. Ba4 f5 5. Nc3 b5 6. Bb3 b4 7. Nd5 fxe4 8. Ng1 Nf6 9. d3 exd3 10. Qxd3 Bb7 11. Ne2 Bc5 12. O-O Nxd5 13. Qxd5 Qe7 14. Be3 Bxe3 15. fxe3 O-O-O 16. a3 Nd4 17. Qc4 Qg5 18.
g3 Qxe3+ 19. Rf2 Nf3+ 20. Kf1 Nd2+ 0-1

[Event "*** SCC Grand Prix: Titled Tuesday Blitz"]
[Site "Chess.com"]
[Date "2020.06.23"]
[Round "5"]
[White "Brave_spirit12"]
[Black "ChessArchitect64"]
[Result "1-0"]
[WhiteElo "2284"]
[BlackElo "1891"]
[TimeControl "180+1"]
[EndTime "10:54:18 PDT"]
[Termination "Brave_spirit12 won by resignation"]

1. e4 c5 2. c3 g6 3. d4 cxd4 4. cxd4 d5 5. exd5 Nf6 6. Nf3 Bg7 7. Nc3 O-O 8. Bc4 Nbd7 9. Bg5 Nb6 10. Bxf6 Bxf6 11. Bb3 a5 12. a4 Bd7 13. O-O Rc8 14. Re1 Nc4 15. Qe2 Nd6 16. Ne5 Bf5 17. Rad1 Qb6 18. Nb5 Kg7 19. g4 Be4 20. Nd7 Qd8 21. Nxf8 Qxf8 22. Nxd6 exd6 23. Qxe4 1-0

[Event "*** SCC Grand Prix: Titled Tuesday Blitz"]
[Site "Chess.com"]
[Date "2020.06.23"]
[Round "5"]
[White "Anton_Demchenko"]
[Black "ValeriyGrinev"]
[Result "1-0"]
[WhiteElo "2840"]
[BlackElo "2548"]
[TimeControl "180+1"]
[EndTime "10:54:26 PDT"]
[Termination "Anton_Demchenko won by resignation"]

1. d4 Nf6 2. Nf3 g6 3. Bg5 Bg7 4. c3 b6 5. Nbd2 Bb7 6. e3 c5 7.
Bd3 O-O 8. O-O d6 9. Re1 Nbd7 10.
a4 a6 11. h3 h6 12. Bh4 Nh5 13. Rc1 Rc8 14. Qe2 cxd4 15. cxd4 a5 16. Rxc8 Bxc8 17. Ne4 Re8 18. Nxd6 Rf8 19. Nxc8 Qxc8 20. Bxe7 Re8 21. Bd6 Qc6 22. Bh2 Qxa4 23. Bb5 1-0

[Event "*** SCC Grand Prix: Titled Tuesday Blitz"]
[Site "Chess.com"]
[Date "2020.06.23"]
[Round "5"]
[White "olksuna"]
[Black "ErikRonka"]
[Result "1-0"]
[WhiteElo "2596"]
[BlackElo "2392"]
[TimeControl "180+1"]
[EndTime "10:54:27 PDT"]
[Termination "olksuna won by resignation"]

1. e4 c6 2. Ne2 d5 3. e5 c5 4. d4 cxd4 5. Nxd4 Nc6 6. Nxc6 bxc6 7.
Bd3 e6 8. O-O Ne7 9. Nd2 Ng6 10.
Nf3 Be7 11. g3 O-O 12. h4 f6 13. exf6 Bxf6 14. h5 Ne5 15. Nxe5 Bxe5 16. h6 g6 17. Qe2 Qf6 18. c3 Bd6 19. f4 e5 20.
fxe5 Qxf1+ 21. Qxf1 Rxf1+ 22. Kxf1 Bxe5 23. Kg2 Bg4 24.
Bg5 Rb8 25. b3 Kf7 26. Rf1+ Ke6 27. Re1 Re8 28. Bf4 Kd6 29. Rxe5 Rxe5 30. Bxg6 Ke6 31. Bxe5 Kxe5 32. Bxh7 1-0

[Event "*** SCC Grand Prix: Titled Tuesday Blitz"]
[Site "Chess.com"]
[Date "2020.06.23"]
[Round "5"]
[White "LiverpooL174"]
[Black "Novoselski"]
[Result "1-0"]
[WhiteElo "2680"]
[BlackElo "2314"]
[TimeControl "180+1"]
[EndTime "10:54:34 PDT"]
[Termination "LiverpooL174 won on time"]

1. e4 e5 2. Nf3 Nc6 3. Bc4 Bc5 4. c3 Qe7 5. d4 exd4 6. O-O d3 7. e5 h6 8. Qxd3 a6 9. Re1 b5 10. Bd5 Bb7 11. b4 Bb6 12. Bf4 Qd8 13. Nbd2 Nge7 14. Bxf7+ Kxf7 15. Ne4 Rf8 16. Nh4 Kg8 17. Bxh6 Qe8 18.
Nf6+ gxf6 19. Qg3+ Ng6 20. Nxg6 Rf7 21. Ne7+ Kh8 22. exf6 Nxe7 23. fxe7 d6 24. Re2 Bc6 25. Rae1 Qg8 26. Qh3 Rh7 27. e8=Q Rxe8 28. Rxe8 Bxe8 29.
Qh4 1-0

[Event "*** SCC Grand Prix: Titled Tuesday Blitz"]
[Site "Chess.com"]
[Date "2020.06.23"]
[Round "5"]
[White "Irina_Barchuk"]
[Black "Sueetin"]
[Result "0-1"]
[WhiteElo "2189"]
[BlackElo "2353"]
[TimeControl "180+1"]
[EndTime "10:54:34 PDT"]
[Termination "Sueetin won by resignation"]

1. e4 e6 2. d4 d5 3. Nc3 Nf6 4. e5 Nfd7 5. f4 c5 6. Nf3 Nc6 7. Be3 Rb8 8. Qd2 Qa5 9. Be2 b5 10. O-O b4 11. Nd1 Ba6 12. c3 bxc3 13. bxc3 cxd4 14.
Nxd4 Nxd4 15. Bxd4 Bc5 16. Kh1 Bxd4 17. Bxa6 Qxa6 18.
Nf2 Bxf2 19. Qxf2 O-O 20. f5 exf5 21. Qxf5 Qe6 22. Rad1 Qxf5 23. Rxf5 Nb6 24. h4 Rbc8 25. Rd3 Rc6 26. h5 h6 27. g4 Rfc8 28. g5 hxg5 29. Rdf3 Rxc3 30. Rxf7 Rxf3 31. Rxf3 Re8 32. Rf5 Nc4 33. Rxg5 Rxe5 34. Rg6 d4 35. Rg4 Rd5 36.
Kg2 d3 37. Rxc4 d2 0-1

[Event "*** SCC Grand Prix: Titled Tuesday Blitz"]
[Site "Chess.com"]
[Date "2020.06.23"]
[Round "5"]
[White "GianmarcoVaR"]
[Black "Ovsiannikov_Maxim"]
[Result "1-0"]
[WhiteElo "2379"]
[BlackElo "2108"]
[TimeControl "180+1"]
[EndTime "10:54:40 PDT"]
[Termination "GianmarcoVaR won by checkmate"]

1. e4 e6 2. d4 d5 3. Nd2 dxe4 4.
Nxe4 Bd7 5. Bd3 Bc6 6. Ne2 Nd7 7.
O-O Ngf6 8. N4g3 Be7 9. Bf4 O-O 10. c4 b6 11. Qc2 g6 12. Rad1 Re8 13. h3 Bf8 14.
Nc3 Bb7 15. Nb5 Rc8 16. Nxa7 Ra8 17. Nb5 Rxa2 18. Nxc7 Nh5 19. Nxh5 e5 20. dxe5 Qxc7 21. e6 Qc6 22. exf7+ Kh8 23. f3 gxh5 24. fxe8=Q Qc5+ 25. Kh1 Qe3 26. Qc3+ Qd4 27. Be3 Qxc3 28. bxc3 Ra8 29. Bd4+ Kg8 30. Qxd7 Bxf3 31. Qf5 Be4 32. Bxe4 Ra2 33.
Qf7# 1-0

[Event "*** SCC Grand Prix: Titled Tuesday Blitz"]
[Site "Chess.com"]
[Date "2020.06.23"]
[Round "5"]
[White "JozefKneht"]
[Black "Airquake"]
[Result "0-1"]
[WhiteElo "2452"]
[BlackElo "2666"]
[TimeControl "180+1"]
[EndTime "10:54:41 PDT"]
[Termination "Airquake won by resignation"]

1. e4 c5 2. Nf3 d6 3. d4 cxd4 4. Nxd4 Nf6 5. Nc3 a6 6. Bg5 e6 7. f4 Qb6 8. Qd2 Qxb2 9. Rb1 Qa3 10. f5 e5 11. Bxf6 gxf6 12. Nd5 Kd8 13. Rb3 Qxa2 14. Qc3 Nd7 15. Ne6+ fxe6 16. Qc7+ Ke8 17. Be2 exd5 18. O-O h5 19. Rfb1 Qa4 20. exd5 Qd4+ 21. Kh1 Qc5 0-1